Map: Cyber Forest LE

Players

OGZest (Zest)

  • Race: Protoss Protoss
  • Spawn Location: 5:00

TSGSolar (Solar) - Winner!

  • Race: Zerg Zerg
  • League: Diamond
  • Spawn Location: 11:00

Event: 2019 Assembly Summer

VOD

Have the link to the VOD?

Description

Time

  • Played on: Aug. 3, 2019, 10:53 a.m.
  • Length: 7:39

All games in this series

Show
View Real Time Build Order
Export as new Build Order

OGZest Protoss 

Build Orders: 1 Gate Expand, Zealot Archon, Archon Drop, Dark Templar Rush 

Get SALT Encoding   

  12  0:00  Probe  
  13  0:13  Probe  
  14  0:18  Pylon  
  14  0:24  Probe  
  15  0:32  Probe  
  15  0:38  Gateway  
  15  0:40  Probe  
  16  0:48  Assimilator  
  17  0:51  Probe  
  18  1:03  Probe  
  19  1:15  Probe  
  20  1:26  Cybernetics Core  
  20  1:35  Nexus  
  20  1:38  Probe  
  21  1:44  Pylon  
  21  1:50  Probe  
  21  1:52  Assimilator  
  21  1:53  Adept  
  22  2:02  Probe  
  22  2:07  Warp Gate  
  25  2:13  Adept  
  25  2:14  Probe  
  26  2:26  Probe  
  29  2:30  Twilight Council  
  29  2:38  Probe  
  30  2:45  Probe  
  30  2:47  Stalker  
  30  2:51  Probe  
  34  2:53  Probe  
  35  3:02  Robotics Facility  
  35  3:03  Probe  
  35  3:04  Probe  
  37  3:15  Probe  
  37  3:16  Probe  
  39  3:27  Probe  
  39  3:28  Probe  
  39  3:33  Dark Shrine  
  41  3:38  Warp Prism  
  41  3:40  Gateway  
  41  3:41  Gateway x2  
  41  3:50  Probe x2  
  41  3:54  Pylon  
  45  3:58  Assimilator  
  45  4:00  Assimilator  
  45  4:03  Probe  
  45  4:07  Pylon  
  46  4:12  Probe  
  46  4:15  Probe  
  46  4:16  Pylon  
  48  4:25  Probe  
  48  4:27  Probe  
  50  4:35  Pylon  
  50  4:37  Probe  
  51  4:39  Probe  
  52  4:46  Dark Templar x2  
  52  4:47  Dark Templar x2  
  52  4:49  Probe  
  61  5:02  Probe x2  
  61  5:07  Shield Battery  
  63  5:09  Pylon  
  63  5:18  Archon  
  63  5:19  Dark Templar  
  63  5:20  Archon  
  65  5:23  Zealot  
  62  5:31  Dark Templar  
  62  5:34  Observer  
  62  5:38  Probe x2  
  65  5:45  Gateway  
  65  5:47  Gateway x2  
  65  5:48  Gateway  
  65  5:56  Sentry x2  
  69  5:57  Nexus  
  69  5:59  Zealot  
  71  6:09  Zealot  
  61  6:32  Zealot  
  61  6:33  Zealot  
  61  6:39  Sentry x3, Pylon  
  65  6:44  Probe x2  
  66  6:49  Immortal, Pylon  
  66  6:50  Pylon  
  66  6:51  Zealot  
  68  6:54  Dark Templar x2  
  68  6:58  Archon  
  72  7:01  Stalker  
  72  7:02  Stalker x2  
  72  7:05  Probe x2  
  72  7:06  Pylon  
  80  7:13  Shield Battery  
  80  7:19  Zealot x3  
Show
View Real Time Build Order
Export as new Build Order

TSGSolar Zerg - Winner!

Build Orders: Hatch First 

Get SALT Encoding   

  12  0:02  Drone  
  13  0:12  Overlord  
  13  0:17  Drone  
  14  0:31  Drone  
  15  0:44  Hatchery  
  15  0:49  Drone  
  15  0:52  Drone  
  15  0:56  Drone  
  17  1:01  Drone  
  18  1:10  Extractor  
  17  1:16  Spawning Pool  
  16  1:20  Drone  
  16  1:23  Drone  
  18  1:32  Drone  
  19  1:45  Drone  
  20  1:55  Hatchery  
  20  2:01  Drone  
  20  2:06  Queen  
  22  2:11  Drone  
  23  2:16  Metabolic Boost  
  23  2:19  Zergling x2  
  23  2:22  Drone  
  25  2:26  Overlord  
  25  2:32  Zergling x2  
  26  2:37  Queen  
  28  2:44  Zergling x2  
  28  2:45  Drone  
  28  2:46  Drone  
  31  2:51  Zergling x2  
  31  2:54  Queen  
  31  2:58  Zergling x2  
  35  3:00  Drone  
  36  3:12  Queen  
  37  3:13  Overlord  
  37  3:15  Drone  
  37  3:17  Drone  
  37  3:19  Drone  
  40  3:21  Drone  
  40  3:26  Overlord  
  41  3:33  Drone x2  
  43  3:34  Drone x2  
  43  3:36  Drone  
  46  3:44  Drone x3  
  46  3:46  Drone x2  
  46  3:48  Drone  
  52  3:58  Roach Warren  
  52  4:01  Lair  
  51  4:04  Drone x2, Extractor  
  51  4:05  Extractor  
  51  4:06  Drone x2  
  51  4:09  Overlord  
  53  4:14  Drone  
  53  4:15  Spore Crawler  
  53  4:19  Spore Crawler, Drone x2  
  53  4:22  Zergling x4  
  56  4:25  Zergling x2  
  56  4:27  Overlord  
  56  4:28  Zergling x2  
  58  4:32  Drone  
  58  4:36  Overlord  
  59  4:38  Roach  
  59  4:39  Roach  
  59  4:41  Roach  
  59  4:44  Overlord  
  65  4:47  Roach  
  65  4:50  Roach  
  69  4:53  Drone  
  69  4:54  Roach  
  69  4:59  Drone  
  73  5:00  Drone  
  73  5:01  Drone  
  73  5:02  Overlord  
  73  5:05  Glial Reconstitution  
  75  5:07  Overseer  
  75  5:11  Overlord  
  77  5:14  Roach x2  
  77  5:16  Drone  
  77  5:17  Zergling x2  
  77  5:19  Zergling x4  
  83  5:21  Zergling x2  
  83  5:24  Zergling x2  
  83  5:28  Drone x2  
  86  5:33  Drone  
  87  5:36  Extractor  
  87  5:41  Roach x5  
  96  5:43  Drone  
  96  5:44  Overlord  
  96  5:45  Drone  
  96  5:47  Drone  
  96  5:48  Overseer  
  99  5:50  Drone  
  99  5:54  Drone x2  
  99  5:55  Overseer  
  101  5:58  Drone x2  
  101  6:01  Drone  
  101  6:04  Overlord  
  103  6:06  Drone  
  103  6:08  Drone  
  103  6:16  Roach x3  
  108  6:18  Overlord  
  108  6:24  Overlord  
  105  6:26  Roach  
  105  6:30  Overlord  
  104  6:38  Roach x3  
  108  6:43  Roach x2  
  108  6:44  Extractor  
  108  6:45  Roach  
  113  6:49  Roach x2  
  113  6:52  Zergling x8  
  113  6:53  Zergling x2  
  123  6:56  Ravager x5  
  123  6:58  Ravager  
  123  7:00  Roach  
  123  7:01  Zergling x4  
  133  7:04  Roach  
  133  7:06  Roach  
  133  7:08  Roach, Zergling x2  
  140  7:09  Overlord  
  140  7:14  Ravager  
  141  7:17  Zergling x8  
Tags
 
Add a new tag
Caveats
  • Supply blocks, unpowered buildings, or Contaminate may cause inaccurate times.
  • Supply counts are checked every 10 seconds.